| TOP OF THE 1ST |
|
Hickory Crawdads batting - Pitching for Lake County Captains : RHP Bruce Poff
|
|
Pitching: RHP Bruce Poff
|
|
|
Batting: RHB Theo van Gent
|
0-0: Foul Ball, location: 2F 0-1: Foul Ball, location: 2F 0-2: Ball 1-2: Foul Ball, location: 2F 1-2: Ball 2-2: SINGLE (Line Drive, 9S, EV 93.1 MPH)
|
|
Batting: LHB Franklin Quezada
|
0-0: Ball 1-0: Called Strike 1-1: Ball 2-1: Ball 3-1: TRIPLE (Flyball, 89XD, EV 105.6 MPH) Theo van Gent scores
|
|
Batting: RHB Doug Hammertime
|
0-0: Ball 1-0: Called Strike 1-1: Ball 2-1: Swinging Strike 2-2: Ball 3-2: Foul Ball, location: 2F 3-2: Fly out, F8 (Flyball, 78D, EV 90.0 MPH)
|
|
Batting: RHB Bobby Larson
|
0-0: Ball 1-0: Fly out, F9 (Flyball, 89D, EV 100.6 MPH) Runner from 3rd tags up, SCORES, throw by RF
|
|
Batting: LHB Casper Kersten
|
0-0: Ball 1-0: Ball 2-0: SOLO HOME RUN (Flyball, 89XD, EV 106.3 MPH), Distance : 410 ft
|
|
Batting: LHB Nick Foutz
|
0-0: Ball 1-0: Ball 2-0: SINGLE (Line Drive, 9S, EV 105.6 MPH)
|
|
Batting: RHB Chris Powell
|
0-0: Ball 1-0: Ball 2-0: Ball Nick Foutz steals 2nd base 3-0: Base on Balls
|
|
Batting: SHB Rich Rubio
|
0-0: Called Strike 0-1: Foul Ball, location: 2F 0-2: Fly out, F9 (Flyball, 9LD, EV 88.1 MPH)
|
| Top of the 1st over - 3 runs, 4 hits, 0 errors, 2 left on base; Hickory 3 - Lake County 0 |
| BOTTOM OF THE 1ST |
|
Lake County Captains batting - Pitching for Hickory Crawdads : RHP Matt Stutzman
|
|
Pitching: RHP Matt Stutzman
|
|
|
Batting: LHB Tim Fuller
|
0-0: Fly out, F5 (Popup, 5SF, EV 75.6 MPH)
|
|
Batting: LHB Yasuo Igarashi
|
0-0: Called Strike 0-1: Called Strike 0-2: Strikes out swinging
|
|
Batting: LHB Justin Rankin
|
0-0: Foul Ball, location: 2F 0-1: Ball 1-1: Foul Ball, location: 2F 1-2: Ball 2-2: Strikes out swinging
|
| Bottom of the 1st over - 0 runs, 0 hits, 0 errors, 0 left on base; Hickory 3 - Lake County 0 |
| TOP OF THE 2ND |
|
Hickory Crawdads batting - Pitching for Lake County Captains : RHP Bruce Poff
|
|
Batting: RHB Garrison Feltham
|
0-0: Called Strike 0-1: Called Strike 0-2: Ball 1-2: Ball 2-2: Ball 3-2: Hit by Pitch
|
|
Batting: RHB Theo van Gent
|
0-0: Swinging Strike 0-1: Ball 1-1: Ball 2-1: Ground out 4-3 (Groundball, 34, EV 102.5 MPH) Garrison Feltham to second
|
|
Batting: LHB Franklin Quezada
|
0-0: Ball 1-0: Ground out 4-3 (Groundball, 4M, EV 100.6 MPH) Garrison Feltham to third
|
|
Batting: RHB Doug Hammertime
|
0-0: Ball 1-0: Called Strike 1-1: SINGLE (Line Drive, 34, EV 109.4 MPH) Garrison Feltham scores
|
|
Batting: RHB Bobby Larson
|
0-0: Called Strike 0-1: Ball 1-1: Called Strike 1-2: Ball Doug Hammertime steals 2nd base (no throw) 2-2: Ball 3-2: Strikes out swinging
|
| Top of the 2nd over - 1 run, 1 hit, 0 errors, 1 left on base; Hickory 4 - Lake County 0 |
| BOTTOM OF THE 2ND |
|
Lake County Captains batting - Pitching for Hickory Crawdads : RHP Matt Stutzman
|
|
Batting: SHB Charlie Diesel
|
0-0: Ball 1-0: Foul Ball, location: 2F 1-1: Swinging Strike 1-2: Strikes out swinging
|
|
Batting: RHB Adrian Martinelli
|
0-0: Fly out, F9 (Flyball, 9LS, EV 88.1 MPH)
|
|
Batting: SHB Travis Burnett
|
0-0: Called Strike 0-1: Called Strike 0-2: Ball 1-2: Foul Ball, location: 2F 1-2: Strikes out swinging
|
| Bottom of the 2nd over - 0 runs, 0 hits, 0 errors, 0 left on base; Hickory 4 - Lake County 0 |
| TOP OF THE 3RD |
|
Hickory Crawdads batting - Pitching for Lake County Captains : RHP Bruce Poff
|
|
Batting: LHB Casper Kersten
|
0-0: Fly out, F8 (Line Drive, 8RD, EV 98.1 MPH)
|
|
Batting: LHB Nick Foutz
|
0-0: Ball 1-0: Foul Ball, location: 2F 1-1: Ball 2-1: Foul Ball, location: 2F 2-2: Ball 3-2: Base on Balls
|
|
Batting: RHB Chris Powell
|
0-0: Ball 1-0: Ball 2-0: Foul Ball, location: 2F 2-1: Called Strike 2-2: SINGLE (Flyball, 78S, EV 86.3 MPH) Nick Foutz to second
|
|
Batting: SHB Rich Rubio
|
0-0: Foul Ball, location: 2F 0-1: Called Strike 0-2: Ball 1-2: Ball 2-2: SINGLE (Line Drive, 6M, EV 105.0 MPH) Nick Foutz to third Chris Powell to second
|
|
Batting: RHB Garrison Feltham
|
0-0: Foul Ball, location: 2F 0-1: Ball 1-1: Ball 2-1: Called Strike 2-2: Foul Ball, location: 2F 2-2: Ball 3-2: Foul Ball, location: 2F 3-2: Fly out, F7 (Flyball, 7, EV 83.1 MPH)
|
|
Batting: RHB Theo van Gent
|
0-0: Foul Ball, location: 2F 0-1: Fielders Choice at 2nd, 5-4 (Groundball, 5, EV 83.1 MPH)
|
| Top of the 3rd over - 0 runs, 2 hits, 0 errors, 3 left on base; Hickory 4 - Lake County 0 |
| BOTTOM OF THE 3RD |
|
Lake County Captains batting - Pitching for Hickory Crawdads : RHP Matt Stutzman
|
|
Batting: LHB Danny Moreno
|
0-0: Called Strike 0-1: Foul Ball, location: 2F 0-2: Ball 1-2: SINGLE (Groundball, 25, EV 69.4 MPH) (infield hit)
|
|
Batting: LHB Ubbe de Bruin
|
0-0: Ball 1-0: Called Strike 1-1: Swinging Strike 1-2: Ball 2-2: Foul Ball, location: 2F 2-2: SINGLE (Line Drive, 7S, EV 94.4 MPH) Danny Moreno to second
|
|
Batting: LHB Alan Kelly
|
0-0: Ball 1-0: Foul Ball, location: 2F 1-1: Foul Ball, location: 2F 1-2: Fly out, F7 (Flyball, 7D, EV 79.4 MPH) Runner from 2nd tags up, SAFE at 3rd, no throw by LF
|
|
Batting: LHB Tim Fuller
|
0-0: Called Strike 0-1: Ball 1-1: Ball 2-1: Called Strike 2-2: Strikes out swinging
|
|
Batting: LHB Yasuo Igarashi
|
0-0: Ball 1-0: Called Strike 1-1: Called Strike 1-2: Foul Ball, location: 2F 1-2: SINGLE (Line Drive, 56, EV 96.9 MPH) Danny Moreno scores Ubbe de Bruin to second
|
|
Batting: LHB Justin Rankin
|
0-0: Foul Ball, location: 2F 0-1: Foul Ball, location: 2F 0-2: Ball 1-2: Fly out, F4 (Popup, 34, EV 78.1 MPH)
|
| Bottom of the 3rd over - 1 run, 3 hits, 0 errors, 2 left on base; Hickory 4 - Lake County 1 |
| TOP OF THE 4TH |
|
Hickory Crawdads batting - Pitching for Lake County Captains : RHP Bruce Poff
|
|
Pitching: LHP Aaron Manees
|
|
|
Batting: LHB Franklin Quezada
|
0-0: Ball 1-0: Foul Ball, location: 2F 1-1: Swinging Strike 1-2: Strikes out swinging
|
|
Batting: RHB Doug Hammertime
|
0-0: Ball 1-0: Foul Ball, location: 2F 1-1: Foul Ball, location: 2F 1-2: Ball 2-2: Ball 3-2: Ground out 1-3 (Groundball, 34S, EV 71.3 MPH)
|
|
Batting: RHB Bobby Larson
|
0-0: Ball 1-0: Ball 2-0: Ball 3-0: Called Strike 3-1: Called Strike 3-2: Base on Balls
|
|
Batting: LHB Casper Kersten
|
0-0: Called Strike 0-1: Fly out, F9 (Flyball, 89S, EV 93.1 MPH)
|
| Top of the 4th over - 0 runs, 0 hits, 0 errors, 1 left on base; Hickory 4 - Lake County 1 |
| BOTTOM OF THE 4TH |
|
Lake County Captains batting - Pitching for Hickory Crawdads : RHP Matt Stutzman
|
|
Batting: SHB Charlie Diesel
|
0-0: Ball 1-0: Ball 2-0: Called Strike 2-1: Ball 3-1: Foul Ball, location: 2F 3-2: Strikes out swinging
|
|
Batting: RHB Adrian Martinelli
|
0-0: Ball 1-0: Called Strike 1-1: Foul Ball, location: 2F 1-2: Strikes out swinging
|
|
Batting: SHB Travis Burnett
|
0-0: Ground out U3 (Groundball, 34, EV 99.4 MPH)
|
| Bottom of the 4th over - 0 runs, 0 hits, 0 errors, 0 left on base; Hickory 4 - Lake County 1 |
| TOP OF THE 5TH |
|
Hickory Crawdads batting - Pitching for Lake County Captains : LHP Aaron Manees
|
|
Batting: LHB Nick Foutz
|
0-0: Called Strike 0-1: Ball 1-1: Ball 2-1: Called Strike 2-2: Ground out 4-3 (Groundball, 4, EV 103.8 MPH)
|
|
Batting: RHB Chris Powell
|
0-0: Ball 1-0: Called Strike 1-1: Ground out 6-3 (Groundball, 6S, EV 70.0 MPH)
|
|
Batting: SHB Rich Rubio
|
0-0: Foul Ball, location: 2F 0-1: SINGLE (Line Drive, 9LS, EV 93.1 MPH)
|
|
Batting: RHB Garrison Feltham
|
0-0: Ball 1-0: Ball 2-0: Foul Ball, location: 2F 2-1: Foul Ball, location: 2F 2-2: Fielders Choice at 2nd, 6-4 (Groundball, 6, EV 84.4 MPH)
|
| Top of the 5th over - 0 runs, 1 hit, 0 errors, 1 left on base; Hickory 4 - Lake County 1 |
| BOTTOM OF THE 5TH |
|
Lake County Captains batting - Pitching for Hickory Crawdads : RHP Matt Stutzman
|
|
Batting: LHB Danny Moreno
|
0-0: Ball 1-0: Ball 2-0: Called Strike 2-1: Swinging Strike 2-2: Strikes out swinging
|
|
Batting: LHB Ubbe de Bruin
|
0-0: Ground out 5-3 (Groundball, 5L, EV 107.5 MPH)
|
|
Batting: LHB Alan Kelly
|
0-0: Ball 1-0: Swinging Strike 1-1: Ball 2-1: Foul Ball, location: 2F 2-2: Strikes out swinging
|
| Bottom of the 5th over - 0 runs, 0 hits, 0 errors, 0 left on base; Hickory 4 - Lake County 1 |
| TOP OF THE 6TH |
|
Hickory Crawdads batting - Pitching for Lake County Captains : LHP Aaron Manees
|
|
Batting: RHB Theo van Gent
|
0-0: Ball 1-0: Ball 2-0: Ball 3-0: Base on Balls
|
|
Pitching: RHP Tatsuhito Shiota
|
|
|
Batting: LHB Franklin Quezada
|
0-0: Ball 1-0: Called Strike 1-1: Ball Theo van Gent steals 2nd base (no throw) 2-1: Foul Ball, location: 2F 2-2: Ball 3-2: Strikes out swinging
|
|
Batting: RHB Doug Hammertime
|
0-0: Called Strike 0-1: Called Strike 0-2: Strikes out looking
|
|
Batting: RHB Bobby Larson
|
0-0: Called Strike 0-1: Foul Ball, location: 2F 0-2: Ball 1-2: Foul Ball, location: 2F 1-2: Ground out 5-3 (Groundball, 56S, EV 85.0 MPH)
|
| Top of the 6th over - 0 runs, 0 hits, 0 errors, 1 left on base; Hickory 4 - Lake County 1 |
| BOTTOM OF THE 6TH |
|
Lake County Captains batting - Pitching for Hickory Crawdads : RHP Matt Stutzman
|
|
Batting: LHB Tim Fuller
|
0-0: Ball 1-0: Ball 2-0: Foul Ball, location: 2F 2-1: Ball 3-1: Foul Ball, location: 2F 3-2: Strikes out swinging
|
|
Batting: LHB Yasuo Igarashi
|
0-0: Swinging Strike 0-1: Ball 1-1: Foul Ball, location: 2F 1-2: Strikes out looking
|
|
Batting: LHB Justin Rankin
|
0-0: Called Strike 0-1: Ball 1-1: Ground out 4-3 (Groundball, 4, EV 91.9 MPH)
|
| Bottom of the 6th over - 0 runs, 0 hits, 0 errors, 0 left on base; Hickory 4 - Lake County 1 |
| TOP OF THE 7TH |
|
Hickory Crawdads batting - Pitching for Lake County Captains : RHP Tatsuhito Shiota
|
|
Pitching: LHP Alcander Magos
|
|
|
Batting: LHB Casper Kersten
|
0-0: Called Strike 0-1: Ball 1-1: Ground out 3-1 (Groundball, 34, EV 110.0 MPH)
|
|
Batting: LHB Nick Foutz
|
0-0: Called Strike 0-1: Foul Ball, location: 2F 0-2: Ball 1-2: Foul Ball, location: 2F 1-2: Ground out U3 (Groundball, 23, EV 90.6 MPH)
|
|
Batting: RHB Chris Powell
|
0-0: Called Strike 0-1: Foul Ball, location: 2F 0-2: Strikes out swinging
|
| Top of the 7th over - 0 runs, 0 hits, 0 errors, 0 left on base; Hickory 4 - Lake County 1 |
| BOTTOM OF THE 7TH |
|
Lake County Captains batting - Pitching for Hickory Crawdads : RHP Matt Stutzman
|
|
Now at 2B: Luke Stark
|
|
|
Batting: SHB Charlie Diesel
|
0-0: Called Strike 0-1: Called Strike 0-2: Strikes out swinging
|
|
Batting: RHB Adrian Martinelli
|
0-0: SINGLE (Groundball, 6MD, EV 105.6 MPH)
|
|
Batting: SHB Travis Burnett
|
0-0: Ball 1-0: Called Strike 1-1: Ball 2-1: Swinging Strike 2-2: Strikes out swinging
|
|
Batting: LHB Danny Moreno
|
0-0: Ball 1-0: Called Strike 1-1: Called Strike 1-2: Ball Adrian Martinelli is caught stealing 2nd base 2-6
|
| Bottom of the 7th over - 0 runs, 1 hit, 0 errors, 0 left on base; Hickory 4 - Lake County 1 |
| TOP OF THE 8TH |
|
Hickory Crawdads batting - Pitching for Lake County Captains : LHP Alcander Magos
|
|
Pitching: RHP Malachi Shelton
|
|
|
Batting: SHB Rich Rubio
|
0-0: Foul Ball, location: 2F 0-1: Swinging Strike 0-2: Ball 1-2: Strikes out swinging
|
|
Batting: RHB Garrison Feltham
|
0-0: Called Strike 0-1: Foul Ball, location: 2F 0-2: Foul Ball, location: 2F 0-2: Ball 1-2: Ball 2-2: Ball 3-2: Foul Ball, location: 2F 3-2: SINGLE (Groundball, 6MD, EV 103.8 MPH)
|
|
Batting: RHB Theo van Gent
|
0-0: Ball Garrison Feltham steals 2nd base (no throw) 1-0: Called Strike 1-1: Foul Ball, location: 2F 1-2: Foul Ball, location: 2F 1-2: Foul Ball, location: 2F 1-2: Ball 2-2: Strikes out swinging
|
|
Batting: LHB Franklin Quezada
|
0-0: Called Strike 0-1: Foul Ball, location: 2F 0-2: Ball 1-2: Ground out U3 (Groundball, 3, EV 95.6 MPH)
|
| Top of the 8th over - 0 runs, 1 hit, 0 errors, 1 left on base; Hickory 4 - Lake County 1 |
| BOTTOM OF THE 8TH |
|
Lake County Captains batting - Pitching for Hickory Crawdads : RHP Matt Stutzman
|
|
Batting: LHB Danny Moreno
|
0-0: Foul Ball, location: 2F 0-1: Called Strike 0-2: Ball 1-2: Foul Ball, location: 2F 1-2: Strikes out swinging
|
|
Pitching: RHP Tim Riley
|
|
|
Batting: LHB Ubbe de Bruin
|
0-0: Called Strike 0-1: Ball 1-1: Ground out U3 (Groundball, 34, EV 82.5 MPH)
|
|
Batting: LHB Alan Kelly
|
0-0: Ground out 4-3 (Groundball, 4, EV 83.1 MPH)
|
| Bottom of the 8th over - 0 runs, 0 hits, 0 errors, 0 left on base; Hickory 4 - Lake County 1 |
| TOP OF THE 9TH |
|
Hickory Crawdads batting - Pitching for Lake County Captains : RHP Malachi Shelton
|
|
Pitching: RHP En-guo Tsu
|
|
|
Batting: RHB Luke Stark
|
0-0: Swinging Strike 0-1: Swinging Strike 0-2: Ball 1-2: Ball 2-2: Ball 3-2: Ground out 5-3 (Groundball, 56, EV 106.3 MPH)
|
|
Batting: RHB Bobby Larson
|
0-0: Ball 1-0: Foul Ball, location: 2F 1-1: DOUBLE (Flyball, 8RXD, EV 106.9 MPH)
|
|
Batting: LHB Casper Kersten
|
0-0: Called Strike 0-1: SINGLE (Groundball, 34S, EV 67.5 MPH) (infield hit) Bobby Larson to third
|
|
Batting: LHB Nick Foutz
|
0-0: Called Strike Casper Kersten steals 2nd base 0-1: Ball 1-1: Intentional Walk
|
|
Batting: RHB Chris Powell
|
0-0: Ball 1-0: Swinging Strike 1-1: Foul Ball, location: 2F 1-2: Ball Wild Pitch! Bobby Larson scores Casper Kersten to third Nick Foutz to second 2-2: Ball 3-2: Strikes out looking
|
|
Batting: SHB Rich Rubio
|
0-0: Ground out 4-3 (Groundball, 4MS, EV 68.8 MPH)
|
| Top of the 9th over - 1 run, 2 hits, 0 errors, 2 left on base; Hickory 5 - Lake County 1 |
| BOTTOM OF THE 9TH |
|
Lake County Captains batting - Pitching for Hickory Crawdads : RHP Tim Riley
|
|
Batting: LHB Tim Fuller
|
0-0: Foul Ball, location: 2F 0-1: Ball 1-1: Called Strike 1-2: SINGLE (Line Drive, 56D, EV 100.0 MPH)
|
|
Batting: LHB Yasuo Igarashi
|
0-0: Called Strike 0-1: Foul Ball, location: 2F 0-2: Ball 1-2: Fielders Choice at 2nd, 4-6 (Groundball, 4, EV 88.8 MPH)
|
|
Batting: LHB Justin Rankin
|
0-0: Foul Ball, location: 2F 0-1: Called Strike 0-2: Strikes out swinging
|
|
Batting: SHB Charlie Diesel
|
0-0: Foul Ball, location: 2F 0-1: Ground out U3 (Groundball, 34S, EV 76.3 MPH)
|
| Bottom of the 9th over - 0 runs, 1 hit, 0 errors, 1 left on base; Hickory 5 - Lake County 1 |
|